 Dungeon Crawl Stone Soup version 0.18-a0-822-gb52b7b4 (webtiles) character file.

138974 M4edhros the Unseen (level 17, -5/105 HPs)
             Began as an Octopode Artificer on Dec 16, 2015.
             Was an Elder of Fedhas.
             Killed from afar by Azrael (38 damage)
             ... with a blast of hellfire
             ... on level 1 of the Elven Halls.
             The game lasted 01:46:44 (25756 turns).

M4edhros the Unseen (Octopode Artificer)           Turns: 25756, Time: 01:46:44

Health: -5/105     AC:  3    Str:  4      XL:     17   Next: 27%
Magic:  0/28       EV: 24    Int: 20 (21) God:    Fedhas [****..]
Gold:   1386       SH: 14    Dex: 20 (21) Spells: 3 memorised, 21 levels left

rFire  . . .     SeeInvis +     A - +5 hunting sling (freeze)
rCold  + . .     Gourm    .     w - +0 large shield
rNeg   . . .     Faith    .     D - +2 hat {Spirit}
rPois  .         Spirit   +     (no amulet)
rElec  .         Dismiss  .     j - +5 ring of evasion
rCorr  .         Reflect  .     H - +5 ring of dexterity
SustAt .         Harm     .     I - ring of protection from cold
MR     ++...                    u - ring of wizardry
Stlth  +++++++++.               l - ring of wizardry
                                R - ring of stealth
                                T - +4 ring of slaying
                                e - ring of Ipraqev {MR+ Str-4 Dex+3 Stlth+}

@: very resistant to hostile enchantments, incredibly stealthy
A: almost no armour, amphibious, 8 rings, constrict 8, camouflage 1, see
invisible, deterioration 1, regeneration 1, screaming 1, weak 1, wild magic 1,
gelatinous body 1, no device heal 1
a: Evolution, Sunlight, Growth, Reproduction, Renounce Religion


You were on level 1 of the Elven Halls.
You worshipped Fedhas.
Fedhas was greatly pleased with you.
You were very hungry.

You visited 4 branches of the dungeon, and saw 27 of its levels.
You also visited: Ice Cave and Volcano.

You collected 3515 gold pieces.
You spent 2129 gold pieces at shops.

Inventory:

Hand Weapons
 a - a +3 demon trident of venom
 s - a +4 hunting sling
 A - a +5 hunting sling of freezing (weapon)
 M - the +9 dagger of Prudence {holy, MR+ Int+2 Dex+6}
   (You bought it in a shop on level 9 of the Dungeon)

   It has been blessed by the Shining One to cause great damage to the undead
   and demons.
   It affects your intelligence (+2).
   It affects your dexterity (+6).
   It affects your resistance to hostile enchantments.
Missiles
 k - 449 stones (quivered)
 o - 53 sling bullets
 p - 5 curare-tipped needles
Armour
 w - a +0 large shield (worn)
 D - a +2 hat of spirit shield (worn)
 E - a +0 buckler of reflection
Magical Staves
 q - an uncursed staff of fire
Jewellery
 e - the ring of Ipraqev (on tentacle) {MR+ Str-4 Dex+3 Stlth+}
   (You bought it in a shop on level 2 of the Orcish Mines)

   [ring of protection from magic]

   It affects your strength (-4).
   It affects your dexterity (+3).
   It affects your resistance to hostile enchantments.
   It makes you more stealthy.
 i - an uncursed ring of protection from magic
 j - a +5 ring of evasion (left tentacle)
 l - a ring of wizardry (on tentacle)
 u - a ring of wizardry (on tentacle)
 B - an uncursed ring of poison resistance
 H - a +5 ring of dexterity (right tentacle)
 I - a ring of protection from cold (on tentacle)
 R - a ring of stealth (on tentacle)
 S - an uncursed ring of protection from fire
 T - a +4 ring of slaying (on tentacle)
 Y - an uncursed ring of protection from fire
Wands
 c - a wand of enslavement (0)
 d - a wand of lightning (4)
 r - a wand of cold (0)
 F - a wand of lightning (0)
 G - a wand of teleportation (2)
 P - a wand of teleportation (5)
Scrolls
 h - 3 scrolls of teleportation
 m - 8 scrolls of fog
 n - 4 scrolls of magic mapping
 t - 6 scrolls of recharging
 y - a scroll of enchant armour
 C - 4 scrolls of identify
Potions
 b - a potion of resistance
 g - 3 potions of agility
 x - 3 potions of haste
 z - 4 potions of curing
 J - a potion of might
 K - a potion of ambrosia
 W - 2 potions of lignification
Miscellaneous
 L - a fan of gales (inert)
 N - a phial of floods (inert)
 U - a sack of spiders {used: 1}
 V - a phial of floods (inert)
Comestibles
 f - 16 bread rations
 v - 7 beef jerkies
 Q - 6 fruits


   Skills:
 + Level 6.1 Fighting
 - Level 1.0 Short Blades
 + Level 11.0 Slings
 + Level 11.3 Dodging
 + Level 15.2 Stealth
 + Level 9.5 Shields
 * Level 7.5 Spellcasting
 * Level 8.1 Conjurations
 * Level 8.4 Fire Magic
 + Level 5.1 Air Magic
 + Level 6.2 Poison Magic
 + Level 12.1 Invocations
 - Level 11.5 Evocations


You had 21 spell levels left.
You knew the following spells:

 Your Spells              Type           Power        Failure   Level  Hunger
a - Fireball              Conj/Fire      ######....   32%         5    #####..
b - Mephitic Cloud        Conj/Pois/Air  ######..     9%          3    None
c - Swiftness             Chrm/Air       ####....     17%         2    None


Dungeon Overview and Level Annotations

Branches:
Dungeon (14/15)            Temple (0/1) D:7            Lair (8/8) D:11
  Swamp (0/4) Lair:6        Snake (0/4) Lair:3        Slime (0/6) Lair:6
    Orc (2/2) D:10            Elf (3/3) Orc:2
 Vaults: D:13-14

Altars:
Cheibriados
Dithmenos
Fedhas
Gozag
Kikubaaqudgha
Makhleb
Okawaru
Pakellas
Qazlal
Ru
Trog
Vehumet
Xom
The Shining One
Jiyva

Shops:
D:5 (   D:9 (   D:13 [   Orc:1 *   Orc:2 =([=   Elf:1 =

Annotations:
Elf:1 Azrael
Elf:3 Mara


Innate Abilities, Weirdness & Mutations

You cannot wear most types of armour.
You are amphibious.
You can wear up to eight rings at the same time.
You can use your tentacles to constrict eight enemies at once.
Your skin changes colour to match your surroundings (Stealth).
Your rubbery body absorbs attacks (AC +1).
You have supernaturally acute eyesight.
Your body sometimes deteriorates upon taking damage.
Your natural rate of healing is unusually fast.
You occasionally shout uncontrollably at your foes.
You are weak. (Str -2)
Your spells are a little harder to cast, but a little more powerful.
Potions and wands are less effective at restoring your health.


Message History

You shoot a stone. The stone hits Azrael!
The stone freezes Azrael.
Azrael is almost dead.
The fire elemental hits you. The fire elemental burns you!
Azrael hits you with a scimitar of flaming!
Azrael burns you.
Your wandering mushroom releases spores at Azrael.
Azrael is engulfed in a cloud of spores!
Your wandering mushroom releases spores at Azrael but does no damage.
A hell hound and a fire elemental come into view.
Firing (i - inventory. (,) - cycle):
k - 450 stones (quivered)
Press: ? - help, Shift-Dir - straight line, f/p - Azrael
Aim: Azrael, wielding a scimitar of flaming (almost dead, fast)
You shoot a stone.
The stone hits Azrael but does no damage.
Azrael is almost dead.
The fire elemental hits you. The fire elemental burns you!
Azrael gestures at you.
The hellfire explodes!
The blast of hellfire engulfs you!
You die...
Fedhas appreciates your contribution to the ecosystem.

#.#.....#...... #......#.#
#...>..#.#.... #......#.## ##
##.##..# #.#..# #...........
.###..#..## #.#f# #.#......#.##
..#.#.....#####..###.###....##f#
..........§§hE...(..# #.#..# #.#
...##..###§##§§E#..## #.### #.#
...##.## ##§#.§E#...###.# #.#
##.#..# #E§ER@#...##.# #.#
#..#.# ##(..ff#.#..#.### #.##
#.#..# #.....f.f#..>...## #.##
#..##.# ##...............# #.##
....#..# #....##.#....[.## .##
....#.#.# #.... #.#####.)####.##
....#.##.# #..(. #.###.......[.#
....#.# #?##.### #.##..........#
... #.# #E#. #.###.........##


You could see Azrael, 5 fire elementals, a hell hound and 3 friendly wandering
mushrooms.

Vanquished Creatures
  A deep elf blademaster (Elf:3)
  2 deep elf master archers (Elf:3)
  5 deep elf sorcerers (Elf:3)
  2 deep elf elementalists (Elf:3)
  7 deep elf annihilators (Elf:3)
  5 deep elf demonologists (Elf:3)
  Nessos (Lair:6)
  A dire elephant (Lair:8)
  Snorg (D:10)
  2 deep elf death magi (Elf:3)
  Josephine (D:11)
  2 deep elf high priests (Elf:3)
  Harold (D:11)
  2 hydras
  An anaconda (Lair:8)
  2 centaur warriors
  4 ogre magi (Orc:2)
  A dancing weapon (Elf:3)
  5 deep elf knights
  2 wizards (Elf:1)
  2 hill giants
  5 deep elf archers
  A lindwurm (Lair:7)
  Pikel (D:5)
  5 statues (Volcano)
  2 ugly things (D:13)
  3 orc sorcerers
  30 deep elf magi
  5 elephants
  8 spiny frogs
  A black mamba (Lair:1)
  A torpor snail (Lair:5)
  An ice statue (IceCv)
  A centaur skeleton (D:13)
  A fire drake (shapeshifter) (Elf:2)
  10 komodo dragons
  8 ice devils (IceCv)
  Grinder (D:5)
  A fire drake (Lair:5)
  2 trolls
  A jumping spider (shapeshifter) (Elf:3)
  13 two-headed ogres
  13 blink frogs
  3 slime creatures
  2 water elementals
  13 yaks
  3 fire elementals
  3 wraiths
  A shadow (D:12)
  3 wyverns
  2 air elementals
  A basilisk (Lair:1)
  12 hippogriffs
  A mottled dragon (D:12)
  A fire bat (Volcano)
  Menkaure (D:6)
  2 hungry ghosts
  3 vampire mosquitoes
  11 wolves
  3 wargs (Orc:2)
  11 porcupines
  Duvessa (D:4)
  11 water moccasins
  A black bear (D:6)
  10 orc warriors
  A sky beast (D:11)
  20 ogres
  A boggart (Elf:1)
  3 ice beasts
  11 centaurs
  17 giant frogs
  A big kobold (D:8)
  10 crocodiles
  5 earth elementals
  Dowan (D:4)
  3 scorpions
  3 wights (D:12)
  2 killer bees (D:13)
  A crimson imp (D:12)
  5 lava snakes (Volcano)
  12 orc wizards
  4 jellies
  5 orc priests
  5 hounds
  3 giant frog skeletons
  7 iguanas
  9 worker ants
  A wandering mushroom (Lair:8)
  9 sheep
  A hound skeleton (D:6)
  39 river rats
  12 adders
  2 shadow imps
  7 white imps (IceCv)
  An ooze (D:3)
  5 ufetubi (IceCv)
  An adder skeleton (D:8)
  6 giant geckos
  81 orcs
  A bat (D:1)
  4 giant cockroaches
  5 hobgoblins
  13 jackals
  4 quokkas
  3 ball pythons
  A giant gecko skeleton (D:5)
  6 giant newts
  7 goblins
  15 kobolds
  A quokka skeleton (D:4)
  5 rats
  6 ballistomycetes
  A crawling corpse (Elf:3)
  11 giant spores (Elf:3)
  2 toadstools (Orc:2)
642 creatures vanquished.

Vanquished Creatures (collateral kills)
  Saint Roka (Orc:2)
  Rupert (Lair:6)
  A deep elf blademaster (Elf:3)
  Gastronok (D:8)
  A deep elf sorcerer (Elf:1)
  Maud (D:10)
  4 deep elf elementalists (Elf:3)
  3 deep elf demonologists (Elf:3)
  5 deep elf annihilators (Elf:3)
  5 dire elephants (Lair:8)
  2 deep elf death magi (Elf:3)
  Fannar (D:12)
  3 hydras
  3 centaur warriors
  A catoblepas (Lair:6)
  2 dancing weapons
  6 death yaks (Lair:8)
  3 deep elf knights
  3 deep elf archers
  9 deep elf magi
  A griffon (Lair:5)
  An ugly thing (D:10)
  4 hill giants
  3 slime creatures
  A cyclops (D:14)
  9 elephants
  2 gargoyles (D:11)
  2 black mambas
  A centaur skeleton (D:14)
  The ghost of crawlian the Geomancer, a novice DEEE (D:6)
  4 spiny frogs
  4 komodo dragons
  2 fire drakes
  2 tengu conjurers
  5 trolls
  3 ice devils (IceCv)
  20 blink frogs
  7 two-headed ogres (Orc:2)
  Sigmund (D:2)
  A centaur simulacrum (D:14)
  4 basilisks
  2 wraiths
  A wyvern (D:10)
  Grum (D:8)
  14 yaks
  11 wolves
  3 hippogriffs
  2 vampire mosquitoes
  2 wargs
  A hungry ghost (D:10)
  A mottled dragon (D:14)
  3 hell hounds (D:10)
  A soldier ant (D:10)
  10 ice beasts
  5 water moccasins
  3 sky beasts
  2 slaves (D:5)
  A black bear (D:9)
  11 orc warriors
  4 porcupines
  A wasp (D:8)
  10 ogres
  2 phantoms
  8 centaurs
  8 crocodiles
  7 giant frogs
  2 scorpions
  A wyvern skeleton (D:9)
  2 hounds
  A giant frog skeleton (D:11)
  3 jellies
  5 orc priests
  A worker ant (D:8)
  2 iguanas
  6 orc wizards
  12 sheep
  3 adders
  A shadow imp (D:14)
  17 river rats
  An ufetubus (IceCv)
  A worm (D:2)
  An adder skeleton (D:9)
  22 orcs
  4 jackals
  2 quokkas
  2 crawling corpses (Elf:3)
  14 giant spores
  4 hyperactive ballistomycetes
355 creatures vanquished.

Vanquished Creatures (others)
  A thorn hunter (Orc:2)
  7 oklob plants
  2 deep elf magi (Elf:1)
  A redback zombie (D:12)
  A yaktaur (Volcano)
  2 water elementals (Elf:3)
  A necrophage (D:14)
  A killer bee (D:13)
  A jelly (D:5)
  A killer bee zombie (D:8)
  2 white imps (IceCv)
  2 ufetubi (IceCv)
  An orc (Orc:2)
  24 wandering mushrooms
  45 ballistomycetes
  4 fungi
  11 giant spores
  A hyperactive ballistomycete (Elf:3)
  5 plants
  958 toadstools
1071 creatures vanquished.

Grand Total: 2068 creatures vanquished

Notes
Turn   | Place    | Note
--------------------------------------------------------------
     0 | D:1      | M4edhros the Octopode Artificer began the quest for the Orb.
     0 | D:1      | Reached XP level 1. HP: 13/13 MP: 3/3
   207 | D:2      | Reached XP level 2. HP: 18/18 MP: 4/4
   229 | D:2      | Noticed an ice beast
   245 | D:2      | Found a blossoming altar of Fedhas.
   247 | D:2      | Found a glowing golden altar of the Shining One.
   249 | D:2      | Found an oddly glowing altar of Pakellas.
   251 | D:2      | Found a stormy altar of Qazlal.
   252 | D:2      | Found an iron altar of Okawaru.
   256 | D:2      | Found a snail-covered altar of Cheibriados.
   257 | D:2      | Found a shimmering altar of Xom.
   262 | D:2      | Became a worshipper of Xom of Chaos
   271 | D:2      | Fell from the grace of Xom
   271 | D:2      | Became a worshipper of Fedhas Madash
   348 | D:1      | Reached skill level 4 in Evocations
   516 | D:1      | Reached XP level 3. HP: 14/23 MP: 6/6
   876 | D:2      | Reached * piety under Fedhas
   940 | D:2      | Noticed Sigmund
   988 | D:2      | Killed Sigmund
   988 | D:2      | Reached skill level 1 in Invocations
   988 | D:2      | Reached XP level 4. HP: 15/28 MP: 7/7
   988 | D:2      | Reached XP level 5. HP: 17/33 MP: 8/8
  1074 | D:2      | XOM: summons 1 hostile demon
  1371 | D:3      | Noticed an ogre
  1377 | D:3      | Killed an ogre
  1477 | D:3      | Found a radiant altar of Vehumet.
  1499 | D:3      | Noticed a phantom
  1506 | D:3      | Killed a phantom
  1506 | D:3      | Reached skill level 5 in Evocations
  1506 | D:3      | Reached XP level 6. HP: 38/38 MP: 9/9
  1582 | D:3      | Gained mutation: You have supernaturally acute eyesight. [potion of mutation]
  1582 | D:3      | Gained mutation: Potions and wands are less effective at restoring your health. [potion of mutation]
  1582 | D:3      | Gained mutation: Your natural rate of healing is unusually fast. [potion of mutation]
  1748 | D:3      | Found a faded altar to an unknown god.
  2166 | D:4      | Reached skill level 5 in Stealth
  2167 | D:4      | Reached ** piety under Fedhas
  2248 | D:4      | Noticed Duvessa
  2249 | D:4      | Noticed Dowan
  2258 | D:4      | Killed Duvessa
  2258 | D:4      | Reached XP level 7. HP: 23/43 MP: 9/11
  2268 | D:4      | Killed Dowan
  2718 | D:4      | XOM: noise
  2764 | D:5      | Entered Level 5 of the Dungeon
  2787 | D:5      | Noticed Pikel
  2804 | D:5      | Killed Pikel
  2804 | D:5      | Reached skill level 6 in Stealth
  2804 | D:5      | Reached XP level 8. HP: 43/48 MP: 12/12
  2845 | D:5      | Found Baemu's Weapon Emporium.
  2870 | D:5      | Noticed Grinder
  2894 | D:5      | Paralysed by Grinder for 6 turns
  2901 | D:5      | Killed Grinder
  3127 | D:5      | Reached skill level 7 in Stealth
  3164 | D:5      | Reached skill level 5 in Invocations
  3542 | D:5      | Reached skill level 5 in Dodging
  3697 | D:6      | Found an ancient bone altar of Kikubaaqudgha.
  3848 | D:6      | Reached skill level 8 in Stealth
  3882 | D:6      | XOM: mild Erth miscast
  3895 | D:6      | XOM: mild Chrm miscast
  3900 | D:6      | Noticed Menkaure
  3907 | D:6      | Killed Menkaure
  3907 | D:6      | Reached XP level 9. HP: 53/53 MP: 14/14
  4035 | D:6      | XOM: polymorph wandering mushroom -> thorn hunter
  4111 | D:6      | XOM: summons 2 hostile shadow creatures
  4280 | D:6      | Noticed crawlian's ghost (novice DEEE)
  4284 | D:6      | Killed crawlian's ghost
  4353 | D:7      | Reached skill level 9 in Stealth
  4631 | D:7      | Found a staircase to the Ecumenical Temple.
  4661 | D:7      | Found a shimmering altar of Xom.
  4884 | D:7      | Found a bloodstained altar of Trog.
  5161 | D:8      | Noticed Grum
  5166 | D:8      | Killed Grum
  5171 | D:8      | Reached skill level 1 in Shields
  5178 | D:8      | Reached *** piety under Fedhas
  5331 | D:8      | Found a sacrificial altar of Ru.
  5430 | D:8      | Found an opulent altar of Gozag.
  5508 | D:8      | Noticed Gastronok
  5553 | D:8      | Killed Gastronok
  5553 | D:8      | Reached skill level 10 in Stealth
  5553 | D:8      | Reached XP level 10. HP: 58/58 MP: 16/16
  6027 | D:9      | XOM: medium Hex miscast
  6086 | D:9      | Reached skill level 1 in Slings
  6142 | D:9      | Reached **** piety under Fedhas
  6344 | D:9      | XOM: harmless Chrm miscast
  6708 | D:9      | Found Bomeg's Antique Weapon Shop.
  6728 | D:9      | Bought a scorched dagger for 203 gold pieces
  6728 | D:9      | Bought a jewelled hand crossbow for 246 gold pieces
  6728 | D:9      | Identified the +9 dagger of Prudence {holy, MR+ Int+2 Dex+6} (You bought it in a shop on level 9 of the Dungeon)
  6729 | D:9      | Identified the +3 hand crossbow "Rafi" {flame, rN++} (You bought it in a shop on level 9 of the Dungeon)
  6792 | D:10     | Entered Level 10 of the Dungeon
  6878 | D:10     | Noticed Snorg
  6889 | D:10     | Killed Snorg
  6948 | D:10     | Noticed a hell knight
  7002 | D:10     | Noticed Maud
  7023 | D:10     | Noticed a purple ugly thing
  7028 | D:10     | Killed a purple ugly thing
  7038 | D:10     | XOM: noise
  7177 | D:10     | XOM: medium Air miscast
  7376 | D:10     | Found a staircase to the Orcish Mines.
  7432 | D:10     | XOM: mild Necr miscast
  7602 | D:10     | XOM: noise
  7704 | D:10     | Killed Maud
  7704 | D:10     | Reached skill level 11 in Stealth
  7704 | D:10     | Reached XP level 11. HP: 49/63 MP: 9/18
  7821 | D:10     | Found a shadowy altar of Dithmenos.
  7829 | D:10     | Noticed a hill giant
  7834 | D:10     | Killed a hill giant
  7903 | D:11     | Found a frozen archway.
  7920 | D:11     | XOM: mild Ice miscast
  7970 | IceCv    | Entered an ice cave
  7974 | IceCv    | XOM: mild Divn miscast
  8116 | IceCv    | XOM: mild Air miscast
  8251 | IceCv    | Reached skill level 5 in Slings
  8251 | IceCv    | Reached skill level 5 in Shields
  8957 | IceCv    | XOM: medium Pois miscast
  9209 | D:11     | Gained mutation: You are weak. (Str -2) [mutagenic meat]
  9292 | D:11     | Reached ***** piety under Fedhas
  9326 | D:11     | Found a staircase to the Lair.
  9369 | D:11     | Noticed Josephine
  9376 | D:11     | Killed Josephine
  9466 | D:11     | Reached skill level 10 in Evocations
  9476 | D:11     | Reached XP level 12. HP: 21/68 MP: 6/19
  9544 | D:11     | XOM: mild Divn miscast
  9790 | D:11     | Noticed Harold
  9801 | D:11     | Killed Harold
  9801 | D:11     | Reached skill level 12 in Stealth
  9862 | D:11     | XOM: medium Trmt miscast
 10011 | D:11     | XOM: vitrification
 10334 | D:12     | XOM: 2-stop teleportation journey
 10413 | D:12     | XOM: polymorph orc warrior -> water moccasin
 10617 | D:12     | XOM: polymorph wandering mushroom -> oklob plant
 10617 | D:12     | Was forgiven by Xom
 10960 | D:12     | Noticed Fannar
 10973 | D:12     | Killed Fannar
 10986 | D:12     | Found a burning altar of Makhleb.
 11323 | D:13     | Found Himufrasm's Antique Armour Boutique.
 11326 | D:13     | Bought a glowing buckler for 171 gold pieces
 11436 | D:13     | Gained mutation: Your spells are a little harder to cast, but a little more powerful. [potion of beneficial mutation]
 11541 | D:13     | Noticed a centaur warrior
 11565 | D:13     | Killed a centaur warrior
 11806 | D:14     | Noticed a vault guard
 11831 | D:14     | Noticed a centaur warrior
 11862 | D:14     | Killed a centaur warrior
 11862 | D:14     | Reached XP level 13. HP: 62/72 MP: 18/21
 11975 | D:14     | Reached skill level 10 in Invocations
 11985 | D:14     | Reached skill level 13 in Stealth
 11988 | D:14     | Reached ****** piety under Fedhas
 12095 | D:14     | Noticed a vault guard
 12386 | Lair:1   | Entered Level 1 of the Lair of Beasts
 12623 | Lair:1   | Got a sparkling iron ring
 12624 | Lair:1   | Identified the cursed ring of Nolif {*Contam *Confuse rPois Str-5 Dex+8} (You found it on level 1 of the Lair of Beasts)
 13615 | Lair:2   | Got a scintillating ivory ring
 13617 | Lair:2   | Identified the ring "Meck" {Fire Int+2} (You found it on level 2 of the Lair of Beasts)
 13918 | Lair:3   | Learned a level 5 spell: Fireball
 14011 | Lair:3   | Reached skill level 1 in Conjurations
 14026 | Lair:3   | Reached skill level 1 in Spellcasting
 14029 | Lair:3   | Reached skill level 1 in Fire Magic
 14251 | Lair:3   | Found a staircase to the Snake Pit.
 14652 | Lair:4   | Reached skill level 10 in Dodging
 15479 | Lair:5   | Reached XP level 14. HP: 71/81 MP: 19/22
 15606 | Lair:5   | Learned a level 3 spell: Mephitic Cloud
 16718 | Lair:6   | Noticed Nessos
 16721 | Lair:6   | Reached skill level 1 in Poison Magic
 16727 | Lair:6   | Killed Nessos
 16878 | Lair:6   | Found a staircase to the Swamp.
 16980 | Lair:6   | Reached skill level 1 in Air Magic
 17004 | Lair:6   | Found a viscous altar of Jiyva.
 17004 | Lair:6   | Found a staircase to the Slime Pits.
 17020 | Lair:6   | Noticed Rupert
 17037 | Lair:6   | Killed Rupert
 17462 | Lair:7   | Lost mutation: You are weak. (Str -2) [potion of mutation]
 17462 | Lair:7   | Gained mutation: You are weak. (Str -2) [potion of mutation]
 17462 | Lair:7   | Gained mutation: You are clumsy. (Dex -2) [potion of mutation]
 18444 | Lair:8   | Entered Level 8 of the Lair of Beasts
 18520 | Lair:8   | Reached skill level 14 in Stealth
 18544 | Lair:8   | Reached skill level 10 in Slings
 18884 | Lair:8   | Reached skill level 5 in Fire Magic
 19528 | Lair:8   | Reached XP level 15. HP: 39/90 MP: 14/23
 19541 | Lair:8   | Reached skill level 5 in Conjurations
 20382 | Orc:1    | Entered Level 1 of the Orcish Mines
 20583 | Orc:1    | Found Jukkan's Assorted Antiques.
 21108 | Orc:2    | Entered Level 2 of the Orcish Mines
 21281 | Orc:2    | Noticed Saint Roka
 21302 | Orc:2    | Killed Saint Roka
 21302 | Orc:2    | Reached skill level 5 in Spellcasting
 21323 | Orc:2    | Found a dark tunnel.
 21586 | Volcano  | Entered a volcano
 21920 | Volcano  | Found a bloodstained altar of Trog.
 22118 | Orc:2    | Found a staircase to the Elven Halls.
 22136 | Orc:2    | Found Deojytz's Jewellery Boutique.
 22136 | Orc:2    | Found Kanoiwas's Antique Weapon Shoppe.
 22136 | Orc:2    | Found Ishatis's Armour Shoppe.
 22136 | Orc:2    | Found Rallei's Jewellery Shop.
 22640 | Orc:2    | Bought the ring of Ipraqev {MR+ Str-4 Dex+3 Stlth+} for 457 gold pieces
 22642 | Orc:2    | Bought an uncursed ring of wizardry for 450 gold pieces
 22642 | Orc:2    | Bought a cursed ring of loudness for 67 gold pieces
 22675 | Elf:1    | Entered Level 1 of the Elven Halls
 22758 | Elf:1    | Noticed Azrael
 22857 | Elf:2    | Lost mutation: You are clumsy. (Dex -2) [mutagenic meat]
 22897 | Elf:3    | Entered Level 3 of the Elven Halls
 22947 | Elf:3    | Found a radiant altar of Vehumet.
 22995 | Elf:3    | Noticed Mara
 23186 | Elf:3    | Gained mutation: Your body sometimes deteriorates upon taking damage. [mutagenic meat]
 23187 | Elf:3    | Gained mutation: You occasionally shout uncontrollably at your foes. [mutagenic meat]
 23296 | Elf:3    | Noticed a deep elf blademaster
 23318 | Elf:3    | Killed a deep elf blademaster
 23326 | Elf:3    | Reached XP level 16. HP: 31/97 MP: 1/24
 23438 | Elf:3    | Noticed a deep elf master archer
 23446 | Elf:3    | Killed a deep elf master archer
 23446 | Elf:3    | Reached skill level 5 in Fighting
 23450 | Elf:3    | Reached skill level 5 in Poison Magic
 23462 | Elf:3    | Noticed a deep elf master archer
 23467 | Elf:3    | Killed a deep elf master archer
 23504 | Elf:3    | Noticed a deep elf blademaster
 23512 | Elf:3    | Killed a deep elf blademaster
 23934 | Elf:3    | Noticed an Ice Fiend
 23944 | Elf:3    | Reached skill level 15 in Stealth
 24231 | Elf:3    | Learned a level 2 spell: Swiftness
 24901 | Elf:2    | HP: 2/99 [deep elf archer/arrow (18)]
 24984 | Elf:2    | Reached XP level 17. HP: 22/104 MP: 2/27
 25242 | Elf:1    | Reached skill level 5 in Air Magic
 25668 | Elf:1    | Found Waiwneshro's Jewellery Boutique.
 25684 | Elf:1    | Bought a +5 ring of dexterity for 535 gold pieces
 25756 | Elf:1    | Killed from afar by Azrael

Vault maps used:
D:1:      minmay_arrival_open_corners
D:2:      minitemple, first_bread, hex_intersection, lightli_corner_chamber,
          uniq_sigmund
D:3:      nicolae_overflow_crystal_walls, ecumenical_altar_2
D:4:      uniq_duvessa
D:5:      serial_shops, nicolae_shop_crystal, uniq_grinder, uniq_pikel
D:6:      kennysheep_little_box, minivault_23, uniq_menkaure
D:7:      kennysheep_mini_moat, minmay_temple_entry_junction, basic_altar,
          hangedman_decor_slide_cut
D:8:      lemuel_round_altar, grunt_ogre_cave, nicolae_ru_awakened_eye,
          uniq_grum, uniq_gastronok
D:9:      serial_shops, shop
D:10:     hiddenorc1_lemuel, basic_altar, minmay_rotating_lava, uniq_maud,
          uniq_snorg
D:11:     minmay_lair_entry_grove, portal_ice_cave_entry_ice_beasts,
          uniq_harold, uniq_josephine
D:12:     kennysheep_flooded_box, feat_on_display, uniq_fannar
D:13:     serial_shops, nicolae_shop_behind_doors
D:14:     grunt_vaults_entry_fortified, minmay_misc_feat_nine_boxes,
          nrook_pool_corridor
Lair:2:   minmay_lair_oklob_items
Lair:3:   dummy_snake_entry
Lair:5:   st_stairs_6, lemuel_fruit_fields
Lair:6:   minmay_swamp_entry_reptiles, dpeg_slime_entry_enclosed_altar,
          serial_bayou_shore_b, lemuel_fruit_tree, uniq_rupert, uniq_nessos
Lair:7:   st_stairs_7, eino_small_chamber_without_monster
Lair:8:   due_jungle_book, minmay_lair_oklob_bushes, grunt_megastairs_2,
          infiniplex_staircase_pool
Orc:1:    minmay_goldmine, serial_shops, shop
Orc:2:    st_orc_ogre_mass, enter_volcano_2, uniq_saint_roka
Elf:1:    elf_arrival_001, serial_shops, shop, hangedman_elf_disciples,
          uniq_azrael
Elf:3:    minmay_elf_hall_hex, basic_altar, uniq_mara
IceCv:    ice_cave_small_demon
Volcano:  volcano_grotto

Action                   |  1- 3 |  4- 6 |  7- 9 | 10-12 | 13-15 | 16-18 || total
-------------------------+-------+-------+-------+-------+-------+-------++-------
Melee: Short sword       |    54 |    63 |   162 |   107 |       |       ||   386
       Whip              |       |       |    13 |       |       |       ||    13
       Dagger            |       |       |       |   423 |   375 |    38 ||   836
       Demon trident     |       |       |       |       |    29 |       ||    29
 Fire: Hunting sling     |       |       |       |   175 |  1034 |   381 ||  1590
 Cast: Mephitic Cloud    |       |       |       |       |     7 |     3 ||    10
Invok: Evolution         |     2 |       |     4 |     6 |    26 |    12 ||    50
       Growth            |       |       |       |     1 |     1 |       ||     2
       Reproduction      |       |       |       |       |     4 |     6 ||    10
       Rain              |       |       |       |       |     2 |     1 ||     3
       Sunlight          |       |       |       |       |       |     1 ||     1
Evoke: Wand              |     1 |       |     6 |    14 |    31 |    17 ||    69
       Sack of spiders   |       |       |       |       |       |     2 ||     2
       Fan of gales      |       |       |       |       |       |     1 ||     1
       Phial of floods   |       |       |       |       |       |     1 ||     1
       Phantom mirror    |       |       |       |       |       |     1 ||     1
  Use: Potion            |     1 |     8 |     2 |     9 |     6 |    15 ||    41
       Scroll            |       |       |    10 |    16 |    19 |     4 ||    49
 Stab: Sleeping          |    12 |    12 |    23 |    35 |    68 |       ||   150
       Confused          |     1 |       |       |       |     2 |       ||     3
       Distracted        |       |     1 |     1 |     7 |     5 |     1 ||    15
  Eat: Meat ration       |       |     1 |     2 |     2 |     3 |     1 ||     9
       Chunk             |       |       |     2 |     1 |    12 |       ||    15
       Beef jerky        |       |       |       |     1 |     3 |       ||     4
       Royal jelly       |       |       |       |     2 |     1 |       ||     3
       Pizza             |       |       |       |     1 |     4 |       ||     5
       Bread ration      |       |       |       |       |     1 |       ||     1
